 Dungeon Crawl Stone Soup version 0.28-a0-1447-ga5a8893891 (webtiles) character file.

Game seed: 9803001153116278729

704 HallandMoats the Skirmisher (level 7, 0/61 HPs)
             Began as a Ghoul Brigand on Jan 12, 2022.
             Was a Priest of Lugonu.
             Slain by an orc warrior (6 damage)
             ... on level 4 of the Dungeon.
             The game lasted 00:06:56 (5079 turns).

HallandMoats the Skirmisher (Ghoul Brigand)         Turns: 5079, Time: 00:06:56

Health: 0/61       AC: 10    Str: 17    XL:     7   Next: 67%
Magic:  6/6        EV: 10    Int:  6    God:    Lugonu [***...]
Gold:   169        SH:  0    Dex: 10    Spells: 6/6 levels left

rFire   . . .      SeeInvis .   a - +2 dagger
rCold   + . .      Faith    .   (no shield)
rNeg    + + +      Spirit   .   g - +0 scale mail
rPois   ∞          Reflect  .   b - +0 helmet
rElec   .          Harm     .   c - +0 cloak
rCorr   .          Rampage  .   o - +0 pair of gloves
Will    .....                   (no boots)
Stlth   +.........              (no amulet)
HPRegen 0.00/turn               (no ring)
MPRegen 0.10/turn               (no ring)

@: flying, inhibited regen
A: claws 1, cold resistance 1, negative energy resistance 3, inhibited
regeneration, torment resistance 2
a: Renounce Religion, Depart the Abyss, Bend Space, Banish


You were on level 4 of the Dungeon.
You worshipped Lugonu.
Lugonu was most pleased with you.
You visited 1 branch of the dungeon, and saw 5 of its levels.

You collected 169 gold pieces.

Inventory:

Hand Weapons
 a - a +2 dagger (weapon)
Missiles
 e - a poisoned dart (quivered)
Armour
 b - a +0 helmet (worn)
 c - a +0 cloak (worn)
 g - a +0 scale mail (worn)
 o - a +0 pair of gloves (worn)
Wands
 d - a wand of flame (26)
Scrolls
 h - 7 scrolls of identify {unknown}
 i - a scroll of noise {unknown}
 k - a scroll of immolation {unknown}
 l - a scroll of silence {unknown}
 m - a scroll of acquirement {unknown}
 n - 2 scrolls of fear {unknown}
 q - 2 scrolls of teleportation {unknown}
Potions
 j - a potion of flight
 r - a potion of curing {unknown}


   Skills:
 * Level 5.6 Fighting
 * Level 4.5 Short Blades
 - Level 1.7 Throwing
 + Level 2.7 Armour
 + Level 3.0 Dodging
 - Level 4.3 Stealth


You had 6 spell levels left.
You didn't know any spells.
Your spell library was empty.

Dungeon Overview and Level Annotations

Branches:
Dungeon (5/15)
 Temple: D:4-7

Altars:
Cheibriados
Dithmenos
Ru
The Shining One
Lugonu

Shops:
D:2 !


Innate Abilities, Weirdness & Mutations

You thrive by killing the living.
You are immune to poison.
You have sharp fingernails.
Your flesh is cold resistant. (rC+)
You are immune to negative energy. (rN+++)
You do not regenerate when monsters are visible.
You are immune to unholy pain and torment.


Message History

Press: ? - help, Q - select action, (/) - cycle Shift-Dir - straight line, f - orc warrior
Aim: an orc warrior, wielding a +0 hand axe and wearing a +0 plate armour (57% to hit)
You throw a poisoned dart.
The poisoned dart barely misses the orc warrior.
The orc warrior hits you but does no damage.
Throw: 6 darts (poison)
Press: ? - help, Q - select action, (/) - cycle Shift-Dir - straight line, f/p - orc warrior
Aim: an orc warrior, wielding a +0 hand axe and wearing a +0 plate armour (57% to hit)
You throw a poisoned dart. The poisoned dart hits the orc warrior.
The orc warrior hits you with a +0 hand axe!
* * * LOW HITPOINT WARNING * * *
Throw: 5 darts (poison)
Press: ? - help, Q - select action, (/) - cycle Shift-Dir - straight line, f/p - orc warrior
Aim: an orc warrior, wielding a +0 hand axe and wearing a +0 plate armour (57% to hit)
You throw a poisoned dart. The poisoned dart hits the orc warrior.
The orc warrior is poisoned.
The orc warrior barely misses you.
The orc warrior hits you but does no damage.
The orc warrior looks more healthy.
Throw: 4 darts (poison)
Press: ? - help, Q - select action, (/) - cycle Shift-Dir - straight line, f/p - orc warrior
Aim: an orc warrior, wielding a +0 hand axe and wearing a +0 plate armour (lightly wounded, 57% to hit)
You throw a poisoned dart. The poisoned dart hits the orc warrior.
The orc warrior is poisoned.
The orc warrior is lightly wounded.
Throw: 3 darts (poison)
Press: ? - help, Q - select action, (/) - cycle Shift-Dir - straight line, f/p - orc warrior
Aim: an orc warrior, wielding a +0 hand axe and wearing a +0 plate armour (lightly wounded, poisoned, 57% to hit)
You throw a poisoned dart. The poisoned dart hits the orc warrior.
The orc warrior looks even sicker.
The orc warrior is lightly wounded.
The orc warrior closely misses you.
Throw: 2 darts (poison)
Press: ? - help, Q - select action, (/) - cycle Shift-Dir - straight line, f/p - orc warrior
Aim: an orc warrior, wielding a +0 hand axe and wearing a +0 plate armour (lightly wounded, very poisoned, 57% to hit)
You throw a poisoned dart. The poisoned dart hits the orc warrior.
The orc warrior looks even sicker.
The orc warrior is lightly wounded.
The orc warrior hits you with a +0 hand axe.
You die...

#.....#......'....#....#...
#.....#......#....#...^#...
#............#....#....#..(
######.......##...######...
##......##'###........
#........#...#........
#........#...#........
#........#...#........
########...@####..##........
#......)...o####..#.........
#.....#...........#.........
#.....#...........#.......>.
#.....#...........'.........
#.....#.....##....#.........
#######.....##....######....
#......#>.........#....
#<.....#(.........#....


You could see an orc warrior (very poisoned).

Vanquished Creatures
  Sigmund (D:2)
  Eustachio (D:4)
  A black bear (D:5)
  A hound (D:4)
  2 orc priests (D:4)
  Natasha (thrice) (D:2)
  An orc wizard (D:4)
  4 adders
  3 worms
  3 dart slugs
  7 orcs
  5 ball pythons
  7 endoplasms
  2 giant cockroaches
  10 goblins
  8 hobgoblins
  4 kobolds
  A quokka (D:3)
  3 bats (D:1)
  5 frilled lizards
  6 rats
78 creatures vanquished.

Vanquished Creatures (others)
  2 plants (D:2)
2 creatures vanquished.

Grand Total: 80 creatures vanquished

Notes
Turn   | Place    | Note
-------+----------+-------------------------------------------
     0 | D:1      | HallandMoats the Ghoul Brigand began the quest for the Orb.
     0 | D:1      | Reached XP level 1. HP: 17/17 MP: 0/0
   117 | D:1      | Reached skill level 1 in Dodging
   250 | D:1      | Reached XP level 2. HP: 9/25 MP: 1/1
   919 | D:1      | Reached XP level 3. HP: 30/30 MP: 2/2
  1382 | D:2      | Noticed Natasha
  1620 | D:2      | Killed Natasha
  1621 | D:2      | Reached skill level 3 in Fighting
  1626 | D:2      | Reached skill level 1 in Armour
  1858 | D:2      | Reached XP level 4. HP: 38/38 MP: 3/3
  2093 | D:2      | Found Waixzo's Distillery.
  2303 | D:2      | Noticed Natasha
  2322 | D:2      | Killed Natasha
  2352 | D:2      | Noticed Natasha
  2360 | D:2      | Killed Natasha
  2361 | D:2      | Reached XP level 5. HP: 3/46 MP: 4/4
  2712 | D:2      | Noticed Sigmund
  2728 | D:2      | Killed Sigmund
  2729 | D:2      | Reached skill level 4 in Fighting
  2729 | D:2      | Reached XP level 6. HP: 52/53 MP: 5/5
  2760 | D:2      | Found a faded altar of an unknown god.
  2909 | D:2      | Prayed at the altar of an unknown god.
  2909 | D:2      | Became a worshipper of Lugonu the Unformed
  2909 | D:2      | Reached * piety under Lugonu
  2909 | D:2      | Reached ** piety under Lugonu
  3051 | D:3      | Found a shadowy altar of Dithmenos.
  3471 | D:3      | Found a sacrificial altar of Ru.
  4058 | D:4      | Noticed Eustachio
  4088 | D:4      | Killed Eustachio
  4089 | D:4      | Reached skill level 5 in Fighting
  4089 | D:4      | Reached XP level 7. HP: 51/61 MP: 6/6
  4540 | D:4      | Found a snail-covered altar of Cheibriados.
  4816 | D:5      | Entered Level 5 of the Dungeon
  4855 | D:5      | Reached *** piety under Lugonu
  5034 | D:5      | Noticed a steam dragon
  5079 | D:4      | Slain by an orc warrior

Illustrated notes

Levels and vault maps discovered:
D:1:      scummos_arrival_simple_fountains, layout_basic, hangedman_glass_teeth,
          minmay_misc_feat_more_columns
D:2:      layout_basic, basic_altar, shapermc_ecumenical_altar_petra,
          serial_shops, nicolae_shop_statue_plus, uniq_sigmund, uniq_natasha
D:3:      layout_loops_ring, general_overflow_altar, grunt_dithmenos_smoke,
          corexii_hall_statues_l
D:4:      layout_gridville, lemuel_tele_altar, uniq_eustachio
D:5:      layout_cave_pools, mainiacjoe_overflow_paths,
          pdpol_wu_jian_five_deadly_venoms

Skill      XL: |  1  2  3  4  5  6  7 |
---------------+----------------------+-----
Dodging        | 1 2 3 |  3.0
Short Blades   | 2 3 4 |  4.5
Fighting       | 3 4 5 |  5.6
Armour         | 1 2 |  2.7
Throwing       | |  1.7
Stealth        | |  4.3

Action                   |  1- 3 |  4- 6 |  7- 9 || total
-------------------------+-------+-------+-------++-------
Melee: Dagger            |   109 |   204 |   108 ||   421
       Punch             |     1 |     1 |     1 ||     3
Throw: Dart              |     4 |    22 |     6 ||    32
       Throwing net      |       |     3 |       ||     3
  Use: Potion            |       |       |     2 ||     2
 Stab: Sleeping          |     1 |       |       ||     1
Armor: Robe              |     4 |       |       ||     4
       Scale mail        |    40 |    92 |    78 ||   210
Dodge: Dodged            |    50 |    96 |    67 ||   213

Table legend: (Time is in decaauts)
 A = Elapsed time spent in this place.
 B = Non-inter-level travel time spent in this place.
 C = Inter-level travel time spent in this place.
 D = Time resting spent in this place.
 E = Time spent auto-exploring this place.
 F = Levels seen in this place.
 G = Mean time per level.
                   A        B        C        D        E       F      G
               +--------+--------+--------+--------+--------+-----+--------+
         Total |   5036 |   4876 |    160 |    530 |   3422 |   5 | 1007.2 |
       Dungeon |   5036 |   4876 |    160 |    530 |   3422 |   5 | 1007.2 |
               +--------+--------+--------+--------+--------+-----+--------+

Top non-repeatable levels by time:
     D:1: 1563 daAuts
     D:2: 1411 daAuts
     D:4: 1076 daAuts
     D:3: 747 daAuts
     D:5: 238 daAuts
